 Dungeon Crawl Stone Soup version 0.21.1-1-g345015f (webtiles) character file.

49555 prawnwizard the Earth Mage (level 14, -7/86 HPs)
             Began as a Gargoyle Earth Elementalist on July 5, 2018.
             Was a High Priest of Vehumet.
             Killed from afar by a molten gargoyle (24 damage)
             ... with a bolt of magma
             ... on level 6 of the Lair of Beasts on July 6, 2018.
             The game lasted 01:44:44 (23412 turns).

prawnwizard the Earth Mage (GrEE)                  Turns: 23412, Time: 01:44:44

Health: -7/86      AC: 20    Str: 14    XL:     14   Next: 51%
Magic:  5/31       EV: 19    Int: 19    God:    Vehumet [*****.]
Gold:   1029       SH:  7    Dex: 10    Spells: 24/39 levels left

rFire    . . .     SeeInvis .   C - +2 whip (elec)
rCold    + . .     Gourm    .   J - +0 buckler
rNeg     + . .     Faith    .   z - +2 robe {rC+}
rPois    ∞         Spirit   .   L - +1 helmet
rElec    +         Reflect  +   E - +1 cloak {MR+}
rCorr    .         Harm     .   V - +0 pair of gloves
MR       ++...                  F - +0 pair of boots
Stlth    ++........             A - +3 amulet of reflection
HPRegen  0.24/turn              h - +6 ring of evasion
MPRegen  0.22/turn              D - ring of wizardry

@: about to teleport
A: big wings, negative energy resistance 1, electricity resistance, unbreathing,
petrification resistance, rot immunity, AC +10
a: Fly, Renounce Religion


You were on level 6 of the Lair of Beasts.
You worshipped Vehumet.
Vehumet was extremely pleased with you.
You were not hungry.

You visited 3 branches of the dungeon, and saw 18 of its levels.
You visited 1 bazaar.
You also visited: Sewer.

You collected 1029 gold pieces.

Inventory:

Hand Weapons
 C - a +2 whip of electrocution (weapon)
Missiles
 O - 13 stones (quivered)
Armour
 z - a +2 robe of cold resistance (worn)
 E - a +1 cloak of magic resistance (worn)
 F - a +0 pair of boots (worn)
 J - a +0 buckler (worn)
 L - a +1 helmet (worn)
 M - a +2 robe of positive energy
 V - a +0 pair of gloves (worn)
Jewellery
 h - a +6 ring of evasion (left hand)
 q - an uncursed ring of positive energy
 t - a +2 ring of slaying
 u - an uncursed ring of fire
 x - a +3 ring of protection
 A - a +3 amulet of reflection (around neck)
 D - a ring of wizardry (right hand)
 X - an uncursed amulet of harm
 Y - an uncursed ring of ice
Wands
 g - a wand of scattershot (2)
 I - a wand of polymorph (10)
 K - a wand of acid (14)
 P - a wand of iceblast (7)
Scrolls
 a - 7 scrolls of remove curse
 i - 5 scrolls of magic mapping
 j - 3 scrolls of enchant weapon
 k - 9 scrolls of amnesia
 r - 2 scrolls of fear
 y - 4 scrolls of fog
 H - 10 scrolls of identify
 N - a scroll of holy word
Potions
 b - a potion of lignification {unknown}
 f - 6 potions of might
 l - 8 potions of curing
 m - a potion of degeneration
 n - a potion of resistance
 o - a potion of invisibility
 p - a potion of berserk rage {unknown}
 s - 3 potions of cancellation
 v - 2 potions of haste
 w - 3 potions of flight
 B - 2 potions of heal wounds
 Q - a potion of ambrosia {unknown}
 R - a potion of magic
 T - 3 potions of mutation
 W - 2 potions of agility
Books
 c - the Volume of Creative Execration
   (You acquired it on level 8 of the Dungeon)

   Spells                             Type                      Level
   a - Corona                         Hexes                        1
   b - Recall                         Summoning/Translocation      3
   c - Summon Lightning Spire         Summoning/Air                4
   d - Summon Mana Viper              Hexes/Summoning              5
 e - a book of Geomancy

   Spells                             Type                      Level
   a - Sandblast                      Earth                        1
   b - Passwall                       Transmutation/Earth          2
   c - Stone Arrow                    Conjuration/Earth            3
   d - Petrify                        Transmutation/Earth          4
   e - Lee's Rapid Deconstruction     Earth                        5
 S - a book of Spatial Translocations

   Spells                             Type                      Level
   a - Blink                          Translocation                2
   b - Shroud of Golubria             Charms/Translocation         2
   c - Lesser Beckoning               Translocation                3
   d - Gell's Gravitas                Translocation                3
   e - Teleport Other                 Translocation                3
   f - Passage of Golubria            Translocation                4
Comestibles
 d - 23 rations


   Skills:
 - Level 9.0 Fighting
 - Level 4.0 Dodging
 - Level 2.1 Stealth
 - Level 4.0 Shields
 + Level 13.0 Spellcasting
   Level 0.7 Transmutations
 - Level 9.0 Air Magic
 + Level 16.7 Earth Magic


You had 24 spell levels left.
You knew the following spells:

 Your Spells              Type           Power        Failure   Level  Hunger
a - Sandblast             Erth           ######       0%          1    None
b - Lee's Rapid Deconstr  Erth           ######....   1%          5    ####...
c - Summon Lightning Spi  Summ/Air       ####....     3%          4    #......
d - Blink                 Tloc           N/A          3%          2    None
e - Stone Arrow           Conj/Erth      #####.       1%          3    None


Dungeon Overview and Level Annotations

Branches:
Dungeon (11/15)            Temple (1/1) D:5            Lair (6/6) D:10
 Shoals (0/4) Lair:4        Snake (0/4) Lair:4        Slime (0/5) Lair:5
    Orc (0/2) D:10

Altars:
Ashenzari
Cheibriados
Dithmenos
Elyvilon
Fedhas
Gozag
Hepliaklqana
Kikubaaqudgha
Makhleb
Nemelex Xobeh
Okawaru
Qazlal
Ru
Sif Muna
Trog
Uskayaw
Vehumet
Wu Jian
Xom
Yredelemnul
Zin
The Shining One

Shops:
D:4 *   D:7 %   D:11 :*

Annotations:
D:6 Glennnyy's ghost, novice MiFi
D:10 exclusion: orange crystal statue
Lair:2 Gastronok
Lair:6 zerrissenhiet's ghost, journeyman GrBe


Innate Abilities, Weirdness & Mutations

You are resistant to torment.
Your stone body is resilient. (AC +10)
You are immune to poison.
Your large and strong wings let you fly indefinitely.
You resist negative energy. (rN+)
You are resistant to electric shocks. (rElec)
You can survive without breathing.
You are immune to petrification.
You are immune to rotting.


Message History

Casting: Lee's Rapid Deconstruction
Confirm with . or Enter, or press ? or * to list all spells.
Aiming: Lee's Rapid Deconstruction
Press: ? - help, Dir - move target cursor The wall shatters!
The blast of rock fragments hits zerrissenhiet's ghost.
The blast of rock fragments hits the molten gargoyle.
The molten gargoyle is heavily damaged.
Zerrissenhiet's ghost hits you!!
* * * LOW HITPOINT WARNING * * *
x2 You feel much better.
Zerrissenhiet's ghost completely misses you.
As you read the scroll of teleportation, it crumbles to dust.
You feel strangely unstable.
The molten gargoyle blasts magma at you!
The bolt of magma hits you!
* * * LOW HITPOINT WARNING * * *
The molten gargoyle blasts magma at you!
The bolt of magma hits you!
You die...

#............[..## §##≈≈
##..#...........# §§#≈§
#.###.##........## ########≈≈§≈##
#..#.............# #.#8##.##≈≈##.
.................# ##......#§≈...
.................###8#......#§...
..................####....§..§...
..................# #.....§§.#[$
.#.#..#.........@## ##.....#§§##$
#######.........#####......#§§.##
#.#####.......W9#.#9........#§§≈≈
##...............#.............§≈
#....##.....)......##....§§...§.§
.....##............#####§.§......
##.P##............### ##§§≈≈....
....#..#............### ###≈≈≈≈..
#....##...............## ###≈§§§


You could see a molten gargoyle and zerrissenhiet's ghost.

Vanquished Creatures
  A fire dragon (Lair:6)
  Fannar (Lair:3)
  A catoblepas (Lair:2)
  11 hydras
  2 two-headed ogres (D:9)
  A death yak (Lair:5)
  Urug (Lair:2)
  Sonja (D:11)
  A fire crab (Lair:4)
  An unseen horror (D:11)
  Pikel (D:5)
  A lindwurm (Lair:6)
  A necromancer (Lair:4)
  The ghost of logorrheac the Thaumaturge, a novice DEWz (D:7)
  5 black mambas
  Maurice (D:11)
  A gargoyle (D:11)
  2 molten gargoyles (Lair:6)
  10 spiny frogs
  A rime drake (Lair:4)
  13 komodo dragons
  2 trolls (D:9)
  The ghost of glubgluby the Ducker, an amateur DrGl (D:4)
  11 blink frogs
  5 dream sheep
  5 hippogriffs
  4 wyverns
  7 spriggans (D:9)
  29 yaks
  Grum (D:11)
  7 basilisks
  Menkaure (D:7)
  2 nagas (Lair:4)
  3 wargs (D:10)
  13 porcupines
  20 water moccasins
  4 hell hounds (Lair:6)
  A black bear (D:9)
  An ice beast (D:5)
  2 sky beasts (D:9)
  A slave (D:5)
  5 orc warriors
  An eye of draining (D:5)
  6 ogres
  3 elephant zombies (Lair:4)
  11 wolves
  5 centaurs
  13 crocodiles
  2 komodo dragon zombies (Lair:4)
  10 bullfrogs
  3 scorpions
  5 killer bees (D:11)
  2 howler monkeys
  5 electric eels (Lair:4)
  5 lava snakes (Lair:6)
  4 crimson imps
  A centaur zombie (D:11)
  8 orc priests
  2 bullfrog skeletons
  5 hounds
  6 jellies
  4 centaur skeletons
  5 iguanas
  12 orc wizards
  8 worker ants
  2 hound skeletons
  Robin (D:3)
  6 worker ant zombies
  A howler monkey skeleton (D:5)
  11 gnolls
  A howler monkey zombie (D:9)
  9 adders
  3 river rats
  4 shadow imps
  4 oozes
  An adder skeleton (D:4)
  5 worms (D:3)
  A dart slug (D:3)
  4 leopard geckos (D:5)
  32 orcs
  2 ball pythons
  6 giant cockroaches
  18 goblins
  10 hobgoblins
  8 jackals
  5 kobolds
  4 quokkas
  4 bats
  3 frilled lizards (D:4)
  A giant cockroach zombie (D:5)
  A leopard gecko skeleton (D:5)
  20 rats
  A fungus (Lair:6)
  A plant (Lair:2)
478 creatures vanquished.

Vanquished Creatures (collateral kills)
  Rupert (Lair:5)
  A komodo dragon (Lair:5)
  A water moccasin (Lair:3)
3 creatures vanquished.

Vanquished Creatures (others)
  2 slaves (D:6)
  A bullfrog (D:6)
  An orc (D:6)
  14 fungi
  2 plants
20 creatures vanquished.

Grand Total: 501 creatures vanquished

Notes
Turn   | Place    | Note
-------+----------+-------------------------------------------
     0 | D:1      | prawnwizard the Gargoyle Earth Elementalist began the quest for the Orb.
     0 | D:1      | Reached XP level 1. HP: 10/10 MP: 3/3
   580 | D:1      | Reached skill level 4 in Earth Magic
   580 | D:1      | Reached XP level 2. HP: 15/15 MP: 1/5
  1095 | D:2      | Reached XP level 3. HP: 19/19 MP: 4/6
  1418 | D:2      | Found a shimmering altar of Xom.
  1714 | D:3      | Noticed Robin
  1742 | D:3      | Reached XP level 4. HP: 18/24 MP: 8/8
  1940 | D:3      | Reached skill level 5 in Earth Magic
  2301 | D:3      | Found an ornate altar of the Wu Jian Council.
  2366 | D:3      | Reached XP level 5. HP: 25/28 MP: 8/10
  2424 | D:3      | Found a glowing drain.
  2451 | Sewer    | Entered a sewer
  2993 | D:3      | Reached skill level 6 in Earth Magic
  2996 | D:3      | Killed Robin
  3000 | D:3      | Reached XP level 6. HP: 32/32 MP: 2/12
  3108 | D:3      | Noticed a moth of wrath
  3111 | D:3      | Found a bloodstained altar of Trog.
  3469 | D:4      | Found Tytyotan's Assorted Antiques.
  3581 | D:4      | Noticed glubgluby's ghost (amateur DrGl)
  3622 | D:4      | Learned a level 5 spell: Lee's Rapid Deconstruction
  4127 | D:4      | Killed glubgluby's ghost
  4127 | D:4      | Reached skill level 5 in Spellcasting
  4127 | D:4      | Reached skill level 7 in Earth Magic
  4127 | D:4      | Reached XP level 7. HP: 36/36 MP: 7/15
  4583 | D:5      | Entered Level 5 of the Dungeon
  4747 | D:5      | Reached skill level 8 in Earth Magic
  4852 | D:5      | Reached XP level 8. HP: 29/41 MP: 12/17
  5237 | D:5      | Reached skill level 9 in Earth Magic
  5557 | D:5      | Found a staircase to the Ecumenical Temple.
  5570 | Temple   | Entered the Ecumenical Temple
  5587 | Temple   | Became a worshipper of Vehumet
  5897 | D:6      | Noticed Pikel
  5999 | D:5      | Killed Pikel
  5999 | D:5      | Reached skill level 10 in Earth Magic
  5999 | D:5      | Reached XP level 9. HP: 40/45 MP: 1/20
  6128 | D:6      | Noticed Glennnyy's ghost (novice MiFi)
  7016 | D:6      | Found an ancient bone altar of Kikubaaqudgha.
  7244 | D:7      | Noticed logorrheac's ghost (novice DEWz)
  7253 | D:7      | Killed logorrheac's ghost
  7253 | D:7      | Reached skill level 1 in Fighting
  7253 | D:7      | Reached skill level 11 in Earth Magic
  7471 | D:7      | Reached XP level 10. HP: 48/56 MP: 18/22
  7508 | D:7      | Found Koh Zize's Food Shoppe.
  7520 | D:7      | Noticed Menkaure
  7525 | D:7      | Killed Menkaure
  7727 | D:7      | Found a burning altar of Makhleb.
  7731 | D:7      | Found a glowing silver altar of Zin.
  7731 | D:7      | Noticed a green death
  7731 | D:7      | Noticed an angel
  7795 | D:7      | Reached * piety under Vehumet
  7795 | D:7      | Offered knowledge of Shock by Vehumet.
  8039 | D:7      | Found an opulent altar of Gozag.
  8280 | D:8      | Found a blossoming altar of Fedhas.
  8896 | D:8      | Identified a scroll of acquirement
  8897 | D:8      | Identified the Volume of Creative Execration (You acquired it on level 8 of the Dungeon)
  8903 | D:8      | Learned a level 4 spell: Summon Lightning Spire
  8942 | D:9      | Noticed a two-headed ogre
  8947 | D:9      | Killed a two-headed ogre
  8947 | D:9      | Reached skill level 1 in Air Magic
  9038 | D:9      | Reached skill level 12 in Earth Magic
  9321 | D:9      | Offered knowledge of Magic Dart by Vehumet.
  9392 | D:9      | Reached ** piety under Vehumet
  9397 | D:9      | Reached XP level 11. HP: 61/61 MP: 13/24
  9553 | D:9      | Noticed a two-headed ogre
  9556 | D:9      | Killed a two-headed ogre
  9556 | D:9      | Reached skill level 10 in Spellcasting
 10577 | D:10     | Entered Level 10 of the Dungeon
 10617 | D:10     | Offered knowledge of Throw Frost by Vehumet.
 10619 | D:10     | Reached skill level 13 in Earth Magic
 10715 | D:10     | Found a staircase to the Lair.
 10881 | D:10     | Noticed an orange crystal statue
 10898 | D:10     | Noticed a two-headed ogre
 10908 | D:10     | Noticed a four-headed hydra
 11170 | D:10     | Reached *** piety under Vehumet
 11366 | D:10     | Noticed a six-headed hydra
 11375 | D:10     | Killed a six-headed hydra
 11375 | D:10     | Reached skill level 5 in Air Magic
 11457 | D:10     | Found a staircase to the Orcish Mines.
 11457 | D:10     | Noticed a two-headed ogre
 11841 | D:10     | Got a faintly glowing chain mail
 11852 | D:10     | Identified the +1 chain mail of Context {rC- Regen+ Stlth+} (You found it on level 10 of the Dungeon)
 11909 | D:11     | Noticed Sonja
 11991 | D:11     | Killed Sonja
 12022 | D:11     | Noticed Grum
 12029 | D:11     | Killed Grum
 12182 | D:11     | Noticed Maurice
 12187 | D:11     | Killed Maurice
 12200 | D:11     | Noticed a seven-headed hydra
 12203 | D:11     | Killed a seven-headed hydra
 12247 | D:11     | Found a flickering gateway to a bazaar.
 12254 | Bazaar   | Entered a bazaar
 12256 | Bazaar   | Found Goteh's Gadget Boutique.
 12260 | Bazaar   | Found Geruocig's Gadget Boutique.
 12260 | Bazaar   | Found Lamux's Magic Scroll Boutique.
 12260 | Bazaar   | Found Aniero's Weapon Boutique.
 12442 | D:11     | Killed an unseen horror
 12442 | D:11     | Offered knowledge of Inner Flame by Vehumet.
 12679 | D:11     | Reached XP level 12. HP: 59/66 MP: 23/26
 12717 | D:11     | Found Idwuklin's Book Shoppe.
 12727 | D:11     | Found Zuedyago's General Store.
 13000 | D:11     | Reached skill level 14 in Earth Magic
 13484 | Lair:1   | Entered Level 1 of the Lair of Beasts
 13690 | Lair:1   | Reached skill level 1 in Shields
 13815 | Lair:1   | Reached **** piety under Vehumet
 14683 | Lair:2   | Noticed Urug
 14700 | Lair:2   | Killed Urug
 14798 | Lair:2   | Noticed an eight-headed hydra
 14807 | Lair:2   | Killed an eight-headed hydra
 14817 | Lair:2   | Noticed Gastronok
 14941 | Lair:2   | Noticed a four-headed hydra
 14951 | Lair:2   | Killed a four-headed hydra
 14951 | Lair:2   | Offered knowledge of Conjure Flame by Vehumet.
 14967 | Lair:2   | Noticed a catoblepas
 15224 | Lair:2   | Noticed a five-headed hydra
 15242 | Lair:2   | Killed a five-headed hydra
 15242 | Lair:2   | Reached skill level 5 in Fighting
 15535 | Lair:2   | Killed a catoblepas
 15986 | Lair:3   | Noticed Fannar
 16010 | Lair:3   | Killed Fannar
 16017 | Lair:3   | Reached XP level 13. HP: 51/73 MP: 13/28
 16462 | Lair:3   | Reached skill level 15 in Earth Magic
 16629 | Lair:3   | Learned a level 2 spell: Blink
 17101 | Lair:4   | Found a staircase to the Snake Pit.
 17132 | Lair:4   | Found a staircase to the Shoals.
 17255 | Lair:4   | Reached ***** piety under Vehumet
 17258 | Lair:4   | Offered knowledge of Yara's Violent Unravelling by Vehumet.
 18486 | Lair:5   | Noticed Rupert
 18807 | Lair:5   | Found a staircase to the Slime Pits.
 19290 | Lair:6   | Entered Level 6 of the Lair of Beasts
 19737 | Lair:5   | Gained mutation: Your large and strong wings let you fly indefinitely. [Gargoyle growth]
 19737 | Lair:5   | Reached XP level 14. HP: 70/84 MP: 4/30
 19959 | Lair:6   | Noticed zerrissenhiet's ghost (journeyman GrBe)
 20367 | Lair:5   | Killed Rupert
 20367 | Lair:5   | Reached skill level 16 in Earth Magic
 21280 | Lair:6   | Learned a level 3 spell: Stone Arrow
 22316 | Lair:6   | Found a large runed door.
 22317 | Lair:6   | Found a large runed door.
 23412 | Lair:6   | Killed from afar by a molten gargoyle

Skill      XL: |  1  2  3  4  5  6  7  8  9 10 11 12 13 14 |
---------------+-------------------------------------------+-----
Earth Magic    | 4 5 6 7 8 10 11 12 13 14 15 16 | 16.7
Spellcasting   | 3 4 5 6 7 8 9 10 11 12 13 | 13.0
Fighting       | 3 4 5 8 9 |  9.0
Dodging        | 3 4 |  4.0
Air Magic      | 3 6 7 8 9 |  9.0
Shields        | 4 |  4.0
Stealth        | |  2.1
Transmutations | |  0.7

Action                   |  1- 3 |  4- 6 |  7- 9 | 10-12 | 13-15 || total
-------------------------+-------+-------+-------+-------+-------++-------
Melee: Unarmed           |    69 |       |       |       |       ||    69
       Spear             |    74 |   222 |   125 |       |       ||   421
       Whip              |       |       |    64 |   497 |   442 ||  1003
 Cast: Sandblast         |    10 |    66 |    82 |   110 |   114 ||   382
       Lee's Rapid Decon |       |       |    17 |    91 |    85 ||   193
       Blink             |       |       |       |       |     7 ||     7
       Summon Lightning  |       |       |       |       |     9 ||     9
       Stone Arrow       |       |       |       |       |    61 ||    61
Evoke: Wand              |       |       |       |       |     1 ||     1
  Use: Scroll            |       |       |    14 |     4 |     9 ||    27
       Potion            |       |       |       |     2 |     2 ||     4
 Stab: Sleeping          |     4 |     2 |     1 |     4 |       ||    11
       Distracted        |     1 |       |       |     1 |     1 ||     3
  Eat: Chunk             |     3 |     8 |    10 |    41 |    19 ||    81
       Ration            |       |       |     1 |     2 |     6 ||     9
Armor: Robe              |    38 |    48 |    63 |   181 |   199 ||   529
Dodge: Dodged            |   105 |   219 |   153 |   474 |   584 ||  1535
Block: Other             |       |       |    20 |    58 |       ||    78
       Buckler           |       |       |       |    39 |   268 ||   307
       Reflection        |       |       |       |     2 |     2 ||     4
